 Dungeon Crawl Stone Soup version 0.26.0-16-gc1dbca0489 (webtiles) character file.

Game seed: 18121954524659214308

63799 sizableburger the Nimble (level 14, -19/115 HPs)
             Began as a Demonspawn Ice Elementalist on Jan 21, 2021.
             Was an Elder of Sif Muna.
             Demolished by Arachne
             ... wielding an uncursed staff of poison
              (23 damage)
             ... on level 2 of the Spider Nest.
             The game lasted 02:19:25 (29635 turns).

sizableburger the Nimble (DsIE)                    Turns: 29635, Time: 02:19:26

Health: -19/115    AC:  6    Str: 10      XL:     14   Next: 69%
Magic:  6/36       EV: 10    Int: 34      God:    Sif Muna [****..]
Gold:   1371       SH:  0    Dex: 16 (17) Spells: 0/31 levels left

rFire    + . .     SeeInvis .   w - staff of cold
rCold    + + .     Faith    .   k - +3 buckler
rNeg     . . .     Spirit   .   u - +1 robe of Vanity {*Corrode Int+8 Stlth+}
rPois    .         Reflect  .   (helmet restricted)
rElec    .         Harm     .   O - scarf {rC+ rF+}
rCorr    .         Rampage  .   D - +1 pair of gloves {Dex+3}
Will     ++...                  (boots unavailable)
Stlth    +++.......             e - amulet of the acrobat
HPRegen  0.29/turn              i - ring of magical power
MPRegen  0.25/turn              r - ring of willpower

@: lethally poisoned (-19 -> -82), frozen ramparts, held
A: antennae 1, hooves 3, powered by pain 1, robust 1, shaggy fur 1, spiny 2, big
brain 3
a: Renounce Religion, Channel Magic, Forget Spell, Divine Exegesis


You were on level 2 of the Spider Nest.
You worshipped Sif Muna.
Sif Muna was greatly pleased with you.
You visited 5 branches of the dungeon, and saw 21 of its levels.
You also visited: Volcano.

You collected 1371 gold pieces.

Inventory:

Armour
 b - a scarf of invisibility
 k - a +3 buckler (worn)
 u - the +1 robe of Vanity (worn) {*Corrode Int+8 Stlth+}
   (You found it on level 8 of the Dungeon)

   It affects your intelligence (+8).
   It may corrode you when you take damage.
   It makes you more stealthy.
 D - a +1 pair of gloves of dexterity (worn)
 E - a +0 cloak
 F - a scarf of harm
 I - a scarf of repulsion
 O - a scarf of resistance (worn)
Magical Staves
 w - an uncursed staff of cold (weapon)
Jewellery
 e - an amulet of the acrobat (around neck)
 i - a ring of magical power (left hand)
 n - an uncursed ring of wizardry
 r - a ring of willpower (right hand)
 s - an uncursed ring of fire
 v - an uncursed amulet of regeneration
 y - an uncursed amulet of reflection
Wands
 j - a wand of acid (8)
 x - a wand of random effects (30)
 z - a wand of disintegration (11)
 C - a wand of iceblast (8)
 G - a wand of polymorph (18)
 Q - a wand of digging (6)
Scrolls
 c - 3 scrolls of fog
 d - 6 scrolls of teleportation
 f - 5 scrolls of enchant weapon
 h - 11 scrolls of remove curse
 q - 5 scrolls of fear
 A - a scroll of amnesia
 M - a scroll of magic mapping
 P - a scroll of identify
Potions
 a - a potion of might
 g - 6 potions of attraction
 l - 6 potions of haste
 m - a potion of flight
 o - a potion of curing
 p - 3 potions of mutation
 t - 2 potions of resistance
 B - 2 potions of lignification
 J - 2 potions of cancellation {unknown}
 K - 3 potions of brilliance
 L - 3 potions of invisibility
 N - a potion of ambrosia


   Skills:
 - Level 8.0 Fighting
 + Level 10.9 Dodging
 - Level 1.8 Stealth
 - Level 4.0 Shields
 + Level 9.4 Spellcasting
 - Level 5.5 Conjurations
 - Level 7.0 Summonings
 + Level 4.4 Transmutations
 + Level 4.4 Fire Magic
 - Level 10.0 Ice Magic
 - Level 5.1 Air Magic
 + Level 8.7 Poison Magic
 - Level 9.3 Invocations


You couldn't memorise any spells.
You knew the following spells:

 Your Spells              Type           Power        Failure   Level
a - Freeze                Ice            100%         1%          1
b - Frozen Ramparts       Ice            100%         1%          3
c - Ozocubu's Armour      Ice            90%          1%          3
d - Summon Ice Beast      Ice/Summ       84%          1%          4
e - Blink                 Tloc           N/A          1%          2
f - Poisonous Vapours     Pois/Air       100%         1%          2
g - Mephitic Cloud        Conj/Pois/Air  56%          1%          3
h - Olgreb's Toxic Radia  Pois           66%          1%          4
i - Ignite Poison         Fire/Tmut/Pois 54%          1%          3
j - Freezing Cloud        Conj/Ice/Air   38%          11%         6

Your spell library contained the following spells:

 Spells                   Type           Power        Failure   Level
 Animate Skeleton         Necr           32%          1%          1
 Foxfire                  Conj/Fire      100%         1%          1
 Magic Dart               Conj           100%         1%          1
 Call Imp                 Summ           59%          1%          2
 Ensorcelled Hibernation  Hex/Ice        100%         1%          2
 Searing Ray              Conj           100%         1%          2
 Slow                     Hex            16%          1%          2
 Conjure Flame            Conj/Fire      50%          1%          3
 Dazzling Flash           Conj/Hex       68%          1%          3
 Inner Flame              Hex/Fire       31%          1%          3
 Spider Form              Tmut/Pois      28%          1%          3
 Hailstorm                Conj/Ice       80%          1%          4
 Ice Form                 Ice/Tmut       78%          1%          4
 Sticky Flame             Conj/Fire      50%          1%          4
 Confusing Touch          Hex            16%          3%          3
 Tukima's Dance           Hex            16%          3%          3
 Fulminant Prism          Conj/Hex       17%          3%          4
 Iskenderun's Mystic Bla  Conj/Tloc      34%          3%          4
 Fireball                 Conj/Fire      25%          4%          5
 Silence                  Hex/Air        16%          12%         5
 Yara's Violent Unravell  Hex/Tmut       15%          12%         5
 Dispersal                Tloc           8%           83%         6
 Infestation              Necr           8%           100%        8


Dungeon Overview and Level Annotations

Branches:
Dungeon (11/15)            Temple (1/1) D:4            Lair (6/6) D:11
  Swamp (0/4) Lair:2       Spider (2/4) Lair:2        Slime (0/5) Lair:5
    Orc (1/2) D:11        Volcano (visited)

Altars:
Ashenzari
Cheibriados
Dithmenos
Elyvilon
Fedhas
Gozag
Hepliaklqana
Kikubaaqudgha
Makhleb
Nemelex Xobeh
Okawaru
Qazlal
Ru
Sif Muna
Trog
Uskayaw
Vehumet
Wu Jian
Xom
Yredelemnul
Zin
The Shining One

Shops:
D:4 ?   D:11 (

Annotations:
D:6 1 runed translucent door
Spider:2 Arachne
Orc:1 Erolcha


Innate Abilities, Weirdness & Mutations

You have hooves in place of feet.
You sometimes gain a little power by taking damage.
You are mostly covered in sharp spines.
You have an absolutely massive brain. (Int +6, Wiz)
You have a pair of small antennae on your head.
You are robust. (+10% HP)
You are covered in fur. (AC +1)


Message History

You feel you are being watched by something.
You feel your power leaking away. Something hits you.
You feel clumsy. Something hits you but does no damage. Something stings you.
The wall freezes something.
Something hits you! Something envenoms you!!
* * * LOW HITPOINT WARNING * * *
You are more poisoned.
Okay, then.
Okay, then.
You feel much better.
You feel sick.
The wall freezes something.
Something hits you!
* * * LOW HITPOINT WARNING * * *
Something hits you.
* * * LOW HITPOINT WARNING * * *
Something stings you!
* * * LOW HITPOINT WARNING * * *
You are lethally poisoned!
Something poisons you!
The wall freezes something.
Something hits you!!
You die...

###### #...#. #.....
##..†.. ##### ##..##..
###.#.## #...####
#○{@.^.######..##..^
#.{#....##.##..#..>.
#...^#..........##..##
#...###^##..#..##..##.
##.? ############....
... ##... ##. #... ##
#).# ####


There were no monsters in sight!

Vanquished Creatures
  Fannar (D:11)
  A hydra (Lair:6)
  A catoblepas (Lair:6)
  A deep troll shaman (Lair:6)
  10 death yaks
  A lindwurm (Lair:6)
  7 orb spiders
  6 wolf spiders
  A necromancer (Lair:5)
  An ugly thing (D:11)
  21 elephants
  A moth of wrath (Spider:2)
  4 black mambas
  2 gargoyles (Volcano)
  3 torpor snails
  10 cane toads
  A demonic crawler (Spider:1)
  8 komodo dragons
  13 jumping spiders
  2 hornets
  A polar bear (Lair:6)
  A dream sheep (Lair:2)
  14 blink frogs
  7 tarantellas
  2 spriggans (Lair:1)
  12 redbacks
  9 basilisks
  29 yaks
  3 wyverns
  A steam dragon (D:9)
  Grum (D:8)
  6 water moccasins
  A swamp drake (D:11)
  4 orc warriors
  2 sky beasts
  2 ogres
  2 black bears (Lair:6)
  A necrophage (D:8)
  11 wolves
  An elephant zombie (Lair:5)
  5 centaurs
  2 big kobolds
  2 komodo dragon zombies (Lair:5)
  12 bullfrogs
  A gnoll sergeant (D:8)
  A wyvern zombie (D:11)
  7 scorpions
  5 killer bees (D:5)
  5 howler monkeys
  2 wights (D:9)
  A vampire bat (Lair:6)
  6 orc priests
  6 hounds
  18 orc wizards
  A bullfrog skeleton (D:9)
  Jessica (D:3)
  Natasha (thrice) (D:3)
  4 iguanas
  4 worker ants
  2 hound skeletons
  A gnoll (D:8)
  10 adders
  A white imp (D:7)
  An ufetubus (D:7)
  An ooze (D:7)
  An adder zombie (D:5)
  2 worms
  A dart slug (D:1)
  3 leopard geckos
  35 orcs
  2 ball pythons
  11 bats
  6 giant cockroaches
  4 hobgoblins
  3 jackals (D:1)
  3 quokkas
  7 frilled lizards
  3 goblins
  3 hobgoblin zombies (D:6)
  18 kobolds
  A kobold zombie (D:6)
  A leopard gecko skeleton (D:5)
  A quokka skeleton (D:4)
  4 rats
416 creatures vanquished.

Vanquished Creatures (collateral kills)
  8 hydras
  2 death yaks (Lair:6)
  The ghost of Calibrex the Destroyer, a novice DrCj of Sif Muna (D:6)
  An ugly thing (D:11)
  5 oklob plants
  5 elephants
  A gargoyle (Volcano)
  3 black mambas
  A cane toad (Lair:5)
  2 torpor snails
  A komodo dragon (Lair:1)
  An efreet (Volcano)
  A troll (D:11)
  2 polar bears
  2 dream sheep (Lair:2)
  5 blink frogs
  A spriggan (Lair:1)
  3 wyverns
  6 yaks
  3 redbacks (Lair:2)
  A basilisk (Lair:5)
  A warg (Orc:1)
  2 water moccasins
  3 orc warriors
  2 phantoms
  2 ice beasts (D:11)
  An ogre (D:9)
  2 elephant zombies (Lair:5)
  A wolf (D:8)
  A big kobold (D:11)
  A komodo dragon zombie (Lair:5)
  A bullfrog (Lair:3)
  A wight (D:9)
  4 electric eels (Lair:5)
  2 howler monkeys (D:8)
  A bullfrog skeleton (D:7)
  3 orc priests
  2 jellies
  3 orc wizards
  2 iguanas
  A hound zombie (D:9)
  A mummy (D:6)
  3 gnolls (D:8)
  An adder (D:11)
  3 white imps
  A worm (D:6)
  A leopard gecko (D:10)
  14 orcs
  5 kobolds
  A leopard gecko skeleton (D:5)
121 creatures vanquished.

Vanquished Creatures (others)
  A bush (Lair:4)
  37 fungi
  72 plants
110 creatures vanquished.

Grand Total: 647 creatures vanquished

Notes
Turn   | Place    | Note
-------+----------+-------------------------------------------
     0 | D:1      | sizableburger the Demonspawn Ice Elementalist began the
                  | quest for the Orb.
     0 | D:1      | Reached XP level 1. HP: 13/13 MP: 3/3
   492 | D:1      | Gained mutation: You have large cloven feet. [demonic
                  | ancestry]
   492 | D:1      | Reached XP level 2. HP: 9/19 MP: 3/5
  1677 | D:2      | Gained mutation: You have hoof-like feet. [demonic
                  | ancestry]
  1677 | D:2      | Reached XP level 3. HP: 24/24 MP: 2/7
  1961 | D:2      | Learned a level 3 spell: Frozen Ramparts
  1965 | D:2      | Learned a level 3 spell: Ozocubu's Armour
  2276 | D:2      | Reached XP level 4. HP: 29/30 MP: 8/8
  2395 | D:2      | Found a broken altar of Ashenzari.
  2770 | D:3      | Noticed Natasha
  2770 | D:3      | Noticed Jessica
  2798 | D:3      | Found an opulent altar of Gozag.
  2893 | D:3      | Killed Jessica
  2894 | D:3      | Reached skill level 1 in Fighting
  3224 | D:3      | Killed Natasha
  3225 | D:3      | Gained mutation: You are partially covered in sharp spines.
                  | [demonic ancestry]
  3225 | D:3      | Reached XP level 5. HP: 26/37 MP: 9/9
  3378 | D:3      | Noticed Natasha
  3383 | D:3      | Killed Natasha
  3542 | D:3      | Noticed Natasha
  3548 | D:3      | Killed Natasha
  3654 | D:4      | Reached skill level 5 in Ice Magic
  3751 | D:4      | Gained mutation: You have an unusually large brain. (Int
                  | +2) [demonic ancestry]
  3751 | D:4      | Reached XP level 6. HP: 34/46 MP: 10/10
  3853 | D:4      | Found Muvoca Dino's Magic Scroll Boutique.
  4157 | D:4      | Found a staircase to the Ecumenical Temple.
  4354 | Temple   | Entered the Ecumenical Temple
  4575 | Temple   | Became a worshipper of Sif Muna the Loreminder
  4581 | Temple   | Learned a level 4 spell: Summon Ice Beast
  4750 | D:5      | Entered Level 5 of the Dungeon
  4783 | D:5      | Noticed a sky beast
  4793 | D:5      | Reached skill level 1 in Invocations
  4793 | D:5      | Gained mutation: You have an extremely huge brain. (Int +4)
                  | [demonic ancestry]
  4793 | D:5      | Reached XP level 7. HP: 34/52 MP: 11/11
  4796 | D:5      | Reached skill level 1 in Summonings
  5269 | D:5      | Reached * piety under Sif Muna
  5375 | D:5      | Gained mutation: You sometimes gain a little power by
                  | taking damage. [demonic ancestry]
  5375 | D:5      | Reached XP level 8. HP: 58/58 MP: 12/12
  6032 | D:6      | Found a sparkling altar of Nemelex Xobeh.
  6154 | D:6      | Found a runed translucent door.
  6156 | D:6      | Noticed Calibrex's ghost (novice DrCj)
  7182 | D:6      | Found a snail-covered altar of Cheibriados.
  7182 | D:6      | Found an iron altar of Okawaru.
  7183 | D:6      | Found a shimmering altar of Xom.
  7289 | D:6      | Found a runed translucent door.
  7296 | D:6      | Reached skill level 5 in Dodging
  7323 | D:6      | Killed Calibrex's ghost
  7324 | D:6      | Reached skill level 5 in Invocations
  7858 | D:7      | Gained mutation: You are mostly covered in sharp spines.
                  | [demonic ancestry]
  7858 | D:7      | Reached XP level 9. HP: 54/63 MP: 8/15
  7957 | D:7      | Found a radiant altar of Vehumet.
  8154 | D:7      | Found a white marble altar of Elyvilon.
  8747 | D:8      | Reached ** piety under Sif Muna
  8771 | D:8      | Reached skill level 5 in Summonings
  8941 | D:8      | Noticed Grum
  8949 | D:8      | Killed Grum
  9119 | D:8      | Found a hide-covered altar of Uskayaw.
  9156 | D:8      | Got a distressingly furry robe
  9168 | D:8      | Identified the cursed +1 robe of Vanity {*Corrode Int+8
                  | Stlth+} (You found it on level 8 of the Dungeon)
  9694 | D:9      | Reached skill level 5 in Spellcasting
  9702 | D:9      | Gained mutation: You have hooves in place of feet. [demonic
                  | ancestry]
  9702 | D:9      | Reached XP level 10. HP: 52/70 MP: 13/17
  9967 | D:9      | Learned a level 2 spell: Blink
  9970 | D:9      | Learned a level 2 spell: Poisonous Vapours
  9974 | D:9      | Learned a level 3 spell: Mephitic Cloud
 10327 | D:9      | Reached *** piety under Sif Muna
 10620 | D:9      | Found a burning altar of Makhleb.
 10626 | D:9      | Reached skill level 1 in Conjurations
 10703 | D:9      | Reached skill level 1 in Air Magic
 10703 | D:9      | Reached skill level 1 in Poison Magic
 10772 | D:9      | Found a shimmering blue altar of Sif Muna.
 10844 | D:9      | Found a glowing silver altar of Zin.
 11018 | D:10     | Entered Level 10 of the Dungeon
 12980 | D:11     | Noticed Fannar
 13031 | D:11     | Found Meawuv's Weapon Emporium.
 13468 | D:11     | Reached **** piety under Sif Muna
 13821 | D:11     | Noticed a purple ugly thing
 13821 | D:11     | Noticed a five-headed hydra
 14094 | D:11     | Noticed a brown ugly thing
 14108 | D:11     | Killed a brown ugly thing
 14109 | D:11     | Gained mutation: You have an absolutely massive brain. (Int
                  | +6, Wiz) [demonic ancestry]
 14109 | D:11     | Reached XP level 11. HP: 75/75 MP: 17/19
 14128 | D:11     | Gained mutation: You are covered in fur. (AC +1) [potion of
                  | mutation]
 14128 | D:11     | Gained mutation: You are robust. (+10% HP) [potion of
                  | mutation]
 14128 | D:11     | Gained mutation: You have a pair of small antennae on your
                  | head. [potion of mutation]
 14135 | D:11     | Killed Fannar
 14342 | D:11     | Noticed a four-headed hydra
 14352 | D:11     | Killed a four-headed hydra
 14426 | D:11     | Found a staircase to the Lair.
 14573 | D:11     | Killed a purple ugly thing
 14580 | D:11     | Killed a five-headed hydra
 14710 | D:11     | Found a staircase to the Orcish Mines.
 14719 | Orc:1    | Entered Level 1 of the Orcish Mines
 14861 | Orc:1    | Reached ***** piety under Sif Muna
 15116 | Orc:1    | Noticed Erolcha
 15211 | Lair:1   | Entered Level 1 of the Lair of Beasts
 15498 | Lair:1   | Identified Sif Muna's Handbook of Poison and the Traveller
                  | (Sif Muna gifted it to you on level 1 of the Lair of
                  | Beasts)
 15498 | Lair:1   | Received a gift from Sif Muna
 15499 | Lair:1   | Reached skill level 1 in Shields
 16434 | Lair:2   | Found a staircase to the Swamp.
 16707 | Lair:2   | Noticed a death yak
 16720 | Lair:2   | Killed a death yak
 17200 | Lair:2   | Found a hole to the Spider Nest.
 17803 | Lair:2   | Got a warped robe
 18115 | Lair:3   | Identified the +1 robe of the Forest {Int+2} (You found it
                  | on level 2 of the Lair of Beasts)
 18219 | Lair:3   | Reached skill level 5 in Poison Magic
 18255 | Lair:3   | Found a glowing silver altar of Zin.
 18310 | Lair:3   | Noticed a four-headed hydra
 18325 | Lair:3   | Killed a four-headed hydra
 18326 | Lair:3   | Reached XP level 12. HP: 91/91 MP: 18/21
 18581 | Lair:3   | Learned a level 4 spell: Olgreb's Toxic Radiance
 19197 | Lair:4   | Noticed an eight-headed hydra
 19231 | Lair:4   | Got a pair of translucent gloves
 19237 | Lair:4   | Identified the -6 pair of gloves "Elevol" {Will+} (You
                  | found it on level 4 of the Lair of Beasts)
 19251 | Lair:4   | Noticed a five-headed hydra
 19259 | Lair:4   | Killed a five-headed hydra
 19437 | Lair:4   | Found a dark tunnel.
 19443 | Volcano  | Entered a volcano
 19454 | Volcano  | Reached skill level 5 in Fighting
 20230 | Lair:4   | Killed an eight-headed hydra
 20348 | Lair:4   | Noticed a death yak
 20369 | Lair:4   | Killed a death yak
 21097 | Lair:5   | Reached XP level 13. HP: 103/103 MP: 24/24
 21258 | Lair:5   | Identified a scroll of acquirement
 21258 | Lair:5   | Acquired a +0 pair of gloves of dexterity
 21776 | Lair:5   | Found a staircase to the Slime Pits.
 22067 | Lair:5   | Found a radiant altar of Vehumet.
 23618 | Lair:6   | Entered Level 6 of the Lair of Beasts
 23640 | Lair:6   | Reached skill level 5 in Conjurations
 23658 | Lair:6   | Identified Letiw's Catalogue of Doomed Transformation (Sif
                  | Muna gifted it to you on level 6 of the Lair of Beasts)
 23658 | Lair:6   | Received a gift from Sif Muna
 23828 | Lair:6   | Reached skill level 10 in Ice Magic
 23830 | Lair:6   | Reached skill level 5 in Air Magic
 23875 | Lair:6   | Learned a level 3 spell: Ignite Poison
 24024 | Lair:6   | Reached skill level 10 in Dodging
 24423 | Lair:6   | Reached skill level 1 in Transmutations
 24423 | Lair:6   | Reached skill level 1 in Fire Magic
 25348 | Lair:6   | Reached XP level 14. HP: 109/115 MP: 16/26
 27151 | Spider:1 | Entered Level 1 of the Spider Nest
 28146 | Spider:1 | Identified Sif Muna's Disquisition on Hexes (Sif Muna
                  | gifted it to you on level 1 of the Spider Nest)
 28146 | Spider:1 | Received a gift from Sif Muna
 28155 | Spider:1 | Learned a level 6 spell: Freezing Cloud
 29629 | Spider:2 | Noticed Arachne
 29635 | Spider:2 | HP: 4/115 [something (8)]
 29635 | Spider:2 | Demolished by Arachne

Illustrated notes

Levels and vault maps discovered:
D:1:      dpeg_arrival_tiny_c, layout_loops_ring
D:2:      layout_basic, lemuel_round_altar, serial_bayou, serial_bayou_ford_a,
          serial_bayou_pond_d, serial_bayou_pond_d, serial_bayou_lagoon_a,
          serial_bayou_pond_a, serial_bayou_pond_a
D:3:      layout_loops_ring, minmay_misc_feat_doors, grunt_gozag_statues,
          uniq_natasha, uniq_jessica
D:4:      layout_rooms, minmay_temple_entry_gardened_gates, serial_shops, shop
D:5:      layout_cave_pools
D:6:      layout_layer_cave, lemuel_doored_altar,
          gammafunk_temple_overflow_claw, ebering_ghost_sewer_f,
          nrook_pool_corridor, minmay_mini_ossuary
D:7:      layout_rooms, vehumet_crystals, elyvilon_altar_1
D:8:      layout_loops_ring, eat_drink_and_be_merry_uskayaw, uniq_grum
D:9:      kennysheep_orc_sif_temple, layout_cave_pools, kennysheep_little_box,
          makhleb_heckhound_becter
D:10:     layout_small_grid, minmay_misc_feat_room
D:11:     layout_roguey, erik_lair_dragon, hiddenorc1_lemuel, serial_shops,
          shop, hangedman_decor_slide_cut, uniq_fannar
Temple:   minmay_temple_curvy_loop
Lair:1:   layout_cellular_growth, wad_woods_02, grunt_megastairs_2
Lair:2:   layout_cave_shapes, swamp_mist, nicolae_spider_entry_tight_spaces,
          serial_bayou_shore_b
Lair:3:   layout_long_grid, basic_altar
Lair:4:   layout_roguey, nicolae_volcano_entry_s_turn, serial_bayou_shore_a
Lair:5:   pond_and_an_island_with_a_cottage, layout_cave_pods,
          minmay_slime_entry_oklob_enclosed, basic_altar, fungi_pond_lemuel,
          st_stairs_7, minmay_lair_oklob_chamber
Lair:6:   grunt_lair_end_beastmaster, layout_regular_city, roderic_batcave,
          kennysheep_basilisk_garden, grunt_megastairs_5,
          infiniplex_staircase_pool_2, serial_bayou_shore_b
Spider:1: layout_chambers
Spider:2: layout_spider_delve, uniq_arachne
Orc:1:    layout_diamond_mine, serial_shops, nicolae_shop_waterfront,
          basic_altar, uniq_erolcha, uniq_maurice

Skill      XL: |  1  2  3  4  5  6  7  8  9 10 11 12 13 14 |
---------------+-------------------------------------------+-----
Ice Magic      | 4 5 6 7 8 9 10 | 10.0
Spellcasting   | 3 4 5 6 7 8 9 |  9.4
Dodging        | 2 3 4 5 6 7 8 9 10 | 10.9
Fighting       | 1 2 3 4 6 8 |  8.0
Invocations    | 1 3 5 7 8 9 |  9.3
Summonings     | 2 4 5 6 7 |  7.0
Conjurations   | 3 4 5 |  5.5
Air Magic      | 2 3 5 |  5.1
Poison Magic   | 3 5 7 8 |  8.7
Shields        | 4 |  4.0
Transmutations | 2 4 |  4.4
Fire Magic     | 2 4 |  4.4
Stealth        | |  1.8

Action                   |  1- 3 |  4- 6 |  7- 9 | 10-12 | 13-15 || total
-------------------------+-------+-------+-------+-------+-------++-------
Melee: Unarmed           |     3 |     2 |    22 |    12 |       ||    39
       Kick              |       |     1 |     7 |     4 |     5 ||    17
       Staff             |       |       |       |     5 |    13 ||    18
 Cast: Freeze            |    55 |    11 |    11 |     4 |    10 ||    91
       Frozen Ramparts   |     2 |    22 |    37 |    86 |    41 ||   188
       Ozocubu's Armour  |       |     8 |    12 |    37 |    22 ||    79
       Summon Ice Beast  |       |       |    25 |   131 |    52 ||   208
       Poisonous Vapours |       |       |       |    82 |    76 ||   158
       Blink             |       |       |       |     5 |       ||     5
       Olgreb's Toxic Ra |       |       |       |    10 |    57 ||    67
       Ignite Poison     |       |       |       |       |    54 ||    54
       Mephitic Cloud    |       |       |       |       |    16 ||    16
       Freezing Cloud    |       |       |       |       |     1 ||     1
Invok: Channel Magic     |       |       |       |     1 |     2 ||     3
Evoke: Wand              |       |       |       |     1 |       ||     1
  Use: Scroll            |       |     9 |     8 |    10 |    11 ||    38
       Potion            |       |       |       |     2 |     2 ||     4
 Stab: Sleeping          |       |       |     1 |       |       ||     1
Armor: Robe              |    11 |     6 |    14 |    34 |    38 ||   103
Dodge: Dodged            |    41 |    32 |   129 |   201 |   278 ||   681
       Repelled          |       |       |       |       |     1 ||     1
Block: Buckler           |       |       |       |    29 |   100 ||   129
